 Dungeon Crawl Stone Soup version 0.31-a0-460-g9e667d4245 (webtiles) character file.

Game seed: 8811569058248609162

4 MisterAzrael the Caller (level 1, 0/10 HPs)
             Began as a Deep Elf Summoner on Aug 4, 2023.
             Slain by a kobold
             ... wielding a +0 dagger
              (2 damage)
             ... on level 1 of the Dungeon.
             The game lasted 00:00:46 (171 turns).

MisterAzrael the Caller (Deep Elf Summoner)          Turns: 171, Time: 00:00:47

Health: 0/10       AC:  2    Str:  5    XL:     1   Next: 50%
Magic:  6/6        EV: 12    Int: 19    God:
Gold:   16         SH:  0    Dex: 15    Spells: 5/6 levels left

rFire   . . .        (no weapon)
rCold   . . .        (no shield)
rNeg    . . .        a - +0 robe
rPois   .            (no helmet)
rElec   .            (no cloak)
rCorr   .            (no gloves)
SInv    .            (no boots)
Will    .....        (no amulet)
Stlth   ++           (no ring)
HPRegen 0.21/turn    (no ring)
MPRegen 0.10/turn

%: no passive effects
@: no status effects
A: no striking features
a: no special abilities


You were on level 1 of the Dungeon.
You visited 1 branch of the dungeon, and saw 1 of its levels.

You collected 16 gold pieces.

Inventory:

Armour
 a - a +0 robe (worn)
 d - a +1 pair of gloves
Talismans
 e - a talisman of death
Potions
 b - a potion of magic
 c - 2 potions of attraction {unknown}


   Skills:
 - Level 2.4 Dodging
 - Level 2.4 Stealth
 + Level 3.1 Spellcasting
 * Level 4.5 Summonings


You had 5 spell levels left.
You knew the following spells:

 Your Spells              Type           Power      Damage    Failure   Level
a - Summon Small Mammal   Summ           80%        N/A       2%          1

Your spell library contained the following spells:

 Spells                   Type           Power      Damage    Failure   Level
 Call Imp                 Summ           40%        N/A       3%          2
 Call Canine Familiar     Summ           20%        N/A       7%          3
 Summon Guardian Golem    Hex/Summ       11%        N/A       19%         3
 Summon Lightning Spire   Summ/Air       11%        N/A       52%         4


Dungeon Overview and Level Annotations

Branches:
Dungeon (1/15)

Altars:


Message History

Your rat disappears in a puff of smoke!
Your quokka disappears in a puff of smoke!
Found a whip.
Found 6 stones.
You see here a +0 whip.
Found a scroll labelled ZIMEYN DETT.
Found a talisman of death.
A hobgoblin comes into view.
Found a scroll labelled HESTUN YNGIYGECORCH.
The hobgoblin shouts!
You hear a shout! x2
A kobold comes into view. It is wielding a +0 dagger.
The kobold moves out of view.
You see here a +1 pair of gloves.
d - a +1 pair of gloves The hobgoblin barely misses you.
Okay, then.
The hobgoblin hits you.
Ouch! That really hurt!
You see here 6 stones.
A kobold comes into view. It is wielding a +0 short sword.
The hobgoblin attacks as you move away! The hobgoblin closely misses you.
The kobold hits you with a +0 dagger. The hobgoblin attacks as you move away!
The hobgoblin misses you. The hobgoblin attacks as you move away!
The hobgoblin barely misses you. The hobgoblin hits you.
* * * LOW HITPOINT WARNING * * *
The kobold closely misses you. The hobgoblin attacks as you move away!
The hobgoblin closely misses you. The kobold hits you with a +0 dagger.
* * * LOW HITPOINT WARNING * * *
The kobold hits you but does no damage.
Things that are here:
a talisman of death; 6 gold pieces
e - a talisman of death The hobgoblin closely misses you.
The kobold closely misses you. x2
There are monsters nearby!
The hobgoblin barely misses you. The kobold closely misses you.
The kobold hits you with a +0 dagger.
Keep transforming yourself?
You die...

### ##.## ... #.#
##############.##
#...........#.@g##
#.# ######.(..KK.#
#.# #......#.....#
#.# #)####..?....#
#.# #.# ##.#....#
#.# #.# #.##?....
##.###.#
#.##.###.#
##......# K....#
.# ....#####
.....# #


You could see a hobgoblin and 2 kobolds.

Vanquished Creatures (collateral kills)
  A dart slug (D:1)
  A hobgoblin (D:1)
2 creatures vanquished.

Notes
Turn   | Place    | Note
-------+----------+-------------------------------------------
     0 | D:1      | MisterAzrael the Deep Elf Summoner began the quest for the
                  | Orb.
     0 | D:1      | Reached XP level 1. HP: 10/10 MP: 6/6
   171 | D:1      | Slain by a kobold

Illustrated notes

Levels and vault maps discovered:
D:1:      lightli_arrival_maybe_door_vault, layout_loops_ring, serial_shops,
          shop

Action                     || total
---------------------------++-------
   Cast: Summon Small Mamm ||     8
 Armour: Robe              ||     1
  Dodge: Dodged            ||    11
   Form: Death             ||     1

Table legend: (Time is in decaauts)
 A = Elapsed time spent in this place.
 B = Non-inter-level travel time spent in this place.
 C = Inter-level travel time spent in this place.
 D = Time resting spent in this place.
 E = Time spent auto-exploring this place.
 F = Levels seen in this place.
 G = Mean time per level.
                   A        B        C        D        E       F      G
               +--------+--------+--------+--------+--------+-----+--------+
         Total |    171 |    171 |      0 |      0 |    118 |   1 |  171.0 |
       Dungeon |    171 |    171 |      0 |      0 |    118 |   1 |  171.0 |
               +--------+--------+--------+--------+--------+-----+--------+

Top non-repeatable levels by time:
     D:1: 171 daAuts
